 Dungeon Crawl Stone Soup version 0.31-a0-258-gd316b798dc (webtiles) character file.

Game seed: 7917273986271993736

99 qw the Shooter (level 4, 0/26 HPs)
             Began as a Gargoyle Hexslinger on July 13, 2023.
             Slain by a gnoll
             ... wielding a +0 flail
              (6 damage)
             ... on level 2 of the Dungeon.
             The game lasted 00:00:40 (1673 turns).

qw the Shooter (Gargoyle Hexslinger)                Turns: 1673, Time: 00:00:40

Health: 0/26       AC:  8    Str: 11    XL:     4   Next: 72%
Magic:  5/5        EV: 10    Int: 14    God:
Gold:   125        SH:  0    Dex: 14    Spells: 4/5 levels left

rFire   . . .        Y - +0 longbow
rCold   . . .        (shield currently unavailable)
rNeg    + . .        g - +0 ring mail
rPois   inf          (no helmet)
rElec   +            (no cloak)
rCorr   .            (no gloves)
SInv    .            (no boots)
Will    .....        (no amulet)
Stlth   +            (no ring)
HPRegen 0.24/turn    (no ring)
MPRegen 0.09/turn

%: no passive effects
@: no status effects
A: sickness immunity, AC +3, negative energy resistance 1, electricity
resistance, torment resistance 1, petrification resistance
a: no special abilities


You were on level 2 of the Dungeon.
You visited 1 branch of the dungeon, and saw 3 of its levels.

You collected 125 gold pieces.


Innate Abilities, Weirdness & Mutations

You are immune to sickness and miasma.
Your stone body is resilient. (AC +3)
You are immune to poison.
You resist negative energy. (rN+)
You are resistant to electric shocks. (rElec)
You are resistant to unholy torment.
You are immune to petrification.


   Skills:
 - Level 2.0 Fighting
 + Level 4.3 Ranged Weapons
 - Level 1.0 Armour
 - Level 1.5 Dodging
 - Level 1.0 Spellcasting
 - Level 2.6 Hexes


You had 4 spell levels left.
You knew the following spells:

 Your Spells              Type           Power      Damage    Failure   Level
a - Slow                  Hex            32%        N/A       21%         1

Your spell library contained the following spells:

 Spells                   Type           Power      Damage    Failure   Level
 Inner Flame              Hex/Fire       4%         N/A       71%         3
 Portal Projectile        Hex/Tloc       8%         N/A       71%         3
 Cause Fear               Hex            4%         N/A       90%         4

Inventory:

Hand Weapons
 Y - a +0 longbow (weapon)
Armour
 g - a +0 ring mail (worn)
Scrolls
 b - a scroll of identify
Potions
 c - a potion of haste {unknown}
 d - a potion of mutation {unknown}
 f - a potion of might {unknown}

Dungeon Overview and Level Annotations

Branches:
Dungeon (3/15)

Altars:

Shops:
D:1 :


Message History

You shoot an arrow. The arrow hits the orc.
The orc is moderately wounded.
The orc hits you but does no damage. The orc closely misses you.
You shoot an arrow. The arrow barely misses the orc.
The orc hits you but does no damage. x2; The orc hits you with a +0 whip.
The orc hits you with a +0 flail.
You shoot an arrow. The arrow barely misses the orc.
The orc misses you. The orc hits you with a +0 flail.
You shoot an arrow. The arrow closely misses the orc.
The orc barely misses you. The orc hits you with a +0 flail.
The orc barely misses you. The orc closely misses you.
You shoot an arrow. The arrow hits the orc!
You kill the orc!
The orc hits you but does no damage. The orc hits you with a +0 whip.
You shoot an arrow. The arrow hits the orc!
You kill the orc!
You start resting.
HP restored.
Done exploring.
(D) Dungeon
Where to? (* - list waypoints, Enter - D:3, ? - help)
What level of the Dungeon? (default 1, ? - help)
You climb downwards.
The gnoll shouts!
The gnoll barely misses you. The gnoll hits you but does no damage.
There is a stone staircase leading up here.
You shoot an arrow. The arrow closely misses the gnoll.
The gnoll barely misses you. The gnoll hits you but does no damage.
The gnoll barely misses you. The gnoll hits you with a +0 club.
A hobgoblin comes into view.
The gnoll hits you but does no damage. The gnoll hits you with a +0 club.
1671 ||| STAIRDANCE The gnoll closely misses you. x2
You climb upwards.
There is a stone staircase leading down here.
You shoot an arrow. The arrow hits the gnoll!
The gnoll is severely wounded.
The gnoll hits you with a +0 club. x2; The gnoll hits you with a +0 flail.
The gnoll hits you with a +0 club. x2; The gnoll hits you with a +0 flail.
You die...

#...............#.#
#.......####
#.########.#....#.#
#.#.#.### #.# #.##.#.#.#
#.#...# #.#
#.##.#.#.###.##.## #.#
####.##.#.#........# #.#
#.......#.##.####### #.#
#.##.####.##.# #.#
#.##.####g##.### #.#
##.##....g@)....#
#.####...#.#####g..).###
#..........# #.......#
######...#.# #.....#.#
##.##.# #.....#.# #.##(#
#.#.###.# #.##.# #.#.# #.#
#.##.# #.#.###.#########
#.##.#####.#..............


You could see 3 gnolls.

Vanquished Creatures
  4 adders (D:2)
  2 worms (D:2)
  3 dart slugs
  5 orcs (D:2)
  2 endoplasms
  5 goblins
  4 hobgoblins
  3 quokkas
  9 ball pythons
  4 bats
  2 frilled lizards
  2 rats (D:2)
45 creatures vanquished.

Notes
Turn   | Place    | Note
-------+----------+-------------------------------------------
     0 | D:1      | qw the Gargoyle Hexslinger began the quest for the Orb.
     0 | D:1      | Reached XP level 1. HP: 12/12 MP: 2/2
     0 | D:1      | 0 ||| qw: Version: 0.3-a-52-g30416fa
     0 | D:1      | 0 ||| qw: Game counter: 6820
     0 | D:1      | 0 ||| qw: Melee chars always use a shield: true
     0 | D:1      | 0 ||| qw: God list: Okawaru
     0 | D:1      | 0 ||| qw: Allow faded altars: false
     0 | D:1      | 0 ||| qw: Do Orc after clearing Dungeon:15 true
     0 | D:1      | 0 ||| qw: Do second Lair branch before Depths: true
     0 | D:1      | 0 ||| qw: Lair rune preference: random
     0 | D:1      | 0 ||| qw: Goals: Normal
     0 | D:1      | 0 ||| PLANNING D:1-11
    63 | D:1      | 63 ||| SWAPPING to +0 longbow.
    74 | D:1      | 74 ||| DROPPING +1 sling.
   245 | D:1      | Reached XP level 2. HP: 16/16 MP: 3/3
   353 | D:1      | Reached skill level 3 in Ranged Weapons
   355 | D:1      | Found a faded altar of an unknown god.
   444 | D:1      | Found Dalotyem's Book Emporium.
   560 | D:1      | Reached XP level 3. HP: 21/21 MP: 4/4
   756 | D:1      | 756 ||| UPGRADING to +0 ring mail.
   766 | D:1      | 766 ||| DROPPING +0 robe.
   767 | D:1      | 767 ||| READING scroll labelled GAUPRU CAUZIOG.
   768 | D:1      | 768 ||| READING scroll labelled DOITSY TOTI.
   769 | D:1      | 769 ||| READING scroll labelled CIFREA PUCS.
   770 | D:1      | 770 ||| DROPPING scroll of poison.
  1039 | D:2      | Reached XP level 4. HP: 26/26 MP: 5/5
  1069 | D:2      | Reached skill level 4 in Ranged Weapons
  1343 | D:2      | Reached skill level 1 in Armour
  1537 | D:2      | 1537 ||| READING 2 scrolls labelled NUUXTI FAM RUE.
  1538 | D:2      | 1538 ||| DRINKING 2 brown potions.
  1559 | D:3      | 1559 ||| STAIRDANCE
  1562 | D:2      | HP: 6/26 [orc/+0 whip (1)]
  1563 | D:2      | 1563 ||| DRINKING potion of heal wounds.
  1571 | D:2      | HP: 3/26 [orc/+0 flail (4)]
  1671 | D:3      | 1671 ||| STAIRDANCE
  1673 | D:2      | HP: 6/26 [gnoll/+0 club (3)]
  1673 | D:2      | Slain by a gnoll

Levels and vault maps discovered:
D:1:      dpeg_cavernosity, layout_basic, serial_shops, shop,
          shapermc_ecumenical_altar_rom_forum
D:2:      layout_loops_ring, kennysheep_cluttered_room
D:3:      layout_rooms, kennysheep_okawaru_gauntlet,
          nicolae_kikubaaqudgha_miasma_corner, mainiacjoe_overflow_paths,
          gammafunk_ghost_cemetery

Skill      XL: |  1  2  3  4 |
---------------+-------------+-----
Ranged Weapons | 3 4 |  4.3
Fighting       | 2 |  2.0
Armour         | 1 |  1.0
Dodging        | |  1.5
Spellcasting   | |  1.0
Hexes          | |  2.6

Action                     |  1- 3 |  4- 6 || total
---------------------------+-------+-------++-------
   Fire: Longbow           |    89 |    50 ||   139
    Use: Scroll            |     3 |     1 ||     4
         Potion            |       |     2 ||     2
 Armour: Robe              |    17 |       ||    17
         Ring mail         |     8 |    31 ||    39
  Dodge: Dodged            |    29 |    47 ||    76

Table legend:
 A = Non-vault XP
 B = Vault XP
 C = Vault XP percentage of total XP
 D = Non-vault monster count
 E = Vault monster count
 F = Vault count percentage of total count
                 A         B        C        D         E       F
            +---------+---------+-------+---------+---------+-------
      Total |     134 |       8 |   5.6 |      41 |       4 |   8.9
            +---------+---------+-------+---------+---------+-------
        D:1 |      33 |       8 |  19.5 |      17 |       4 |  19.0
        D:2 |      99 |       0 |   0.0 |      23 |       0 |   0.0
        D:3 |       2 |       0 |   0.0 |       1 |       0 |   0.0
            +---------+---------+-------+---------+---------+-------
